[gd_scene load_steps=14 format=2]

[ext_resource path="res://Scenes/Characters/Player/HUD/HUD.gd" type="Script" id=1]
[ext_resource path="res://icon.png" type="Texture" id=2]
[ext_resource path="res://Scenes/Characters/Player/HUD/Sprites/shotgunanim/shotgun0.png" type="Texture" id=3]
[ext_resource path="res://Scenes/Characters/Player/HUD/Sprites/shotgunanim/shotgun1.png" type="Texture" id=4]
[ext_resource path="res://Scenes/Characters/Player/HUD/Sprites/shotgunanim/shotgun2.png" type="Texture" id=5]
[ext_resource path="res://Scenes/Characters/Player/HUD/Sprites/shotgunanim/shotgun3_7.png" type="Texture" id=6]
[ext_resource path="res://Scenes/Characters/Player/HUD/Sprites/shotgunanim/shotgun4_6.png" type="Texture" id=7]
[ext_resource path="res://Scenes/Characters/Player/HUD/Sprites/shotgunanim/shotgun5.png" type="Texture" id=8]
[ext_resource path="res://Scenes/Characters/Player/HUD/Sprites/hud.png" type="Texture" id=9]

[sub_resource type="Animation" id=1]
resource_name = "shoot"
length = 0.65
step = 0.05
tracks/0/type = "value"
tracks/0/path = NodePath("Control/AnimatedSprite:frame")
tracks/0/interp = 1
tracks/0/loop_wrap = true
tracks/0/imported = false
tracks/0/enabled = true
tracks/0/keys = {
"times": PoolRealArray( 0, 0.05, 0.1, 0.15, 0.25, 0.35, 0.45, 0.55, 0.65, 0.65 ),
"transitions": PoolRealArray( 1, 1, 1, 1, 1, 1, 1, 1, 1, 1 ),
"update": 1,
"values": [ 0, 1, 2, 3, 4, 5, 6, 7, 0, 0 ]
}

[sub_resource type="Shader" id=2]
code = "shader_type canvas_item;

void fragment() {
	vec3 c = 1.0 - textureLod(SCREEN_TEXTURE, SCREEN_UV, 0.0).rgb;
	COLOR.rgb = c;
}"

[sub_resource type="ShaderMaterial" id=3]
shader = SubResource( 2 )

[sub_resource type="SpriteFrames" id=4]
animations = [ {
"frames": [ ExtResource( 3 ), ExtResource( 4 ), ExtResource( 5 ), ExtResource( 6 ), ExtResource( 7 ), ExtResource( 8 ), ExtResource( 7 ), ExtResource( 6 ) ],
"loop": true,
"name": "default",
"speed": 10.0
} ]

[node name="HUD" type="Control"]
script = ExtResource( 1 )

[node name="AnimationPlayer" type="AnimationPlayer" parent="."]
anims/shoot = SubResource( 1 )

[node name="Control" type="Control" parent="."]
anchor_left = 0.5
anchor_top = 0.5
anchor_right = 0.5
anchor_bottom = 0.5
margin_right = 1920.0
margin_bottom = 1080.0

[node name="Position2D" type="Position2D" parent="Control"]
position = Vector2( 960, 540 )

[node name="cross" type="Node2D" parent="Control"]

[node name="cross1" type="Line2D" parent="Control/cross"]
material = SubResource( 3 )
position = Vector2( 960, 540 )
scale = Vector2( 2, 2 )
z_index = 4096
points = PoolVector2Array( -5, -5, 5, 5 )
width = 1.0
default_color = Color( 1, 0, 0, 1 )
texture = ExtResource( 2 )
sharp_limit = 5.0
round_precision = 5

[node name="cross2" type="Line2D" parent="Control/cross"]
material = SubResource( 3 )
position = Vector2( 960, 540 )
scale = Vector2( 2, 2 )
z_index = 4096
z_as_relative = false
points = PoolVector2Array( 5, -5, -5, 5 )
width = 1.0
default_color = Color( 1, 0, 0, 1 )
texture = ExtResource( 2 )
sharp_limit = 5.0
round_precision = 5

[node name="AnimatedSprite" type="AnimatedSprite" parent="Control"]
position = Vector2( 948, 648 )
scale = Vector2( 4, 4 )
frames = SubResource( 4 )

[node name="TextureRect" type="TextureRect" parent="Control"]
anchor_top = 1.0
anchor_right = 1.0
anchor_bottom = 1.0
margin_top = -128.0
texture = ExtResource( 9 )
expand = true
